 Dungeon Crawl Stone Soup version 0.28.0-45-g0d030f2227 (webtiles) character file.

Game seed: 12020973305053579378

1834 bobregger the Basher (level 9, -5/84 HPs)
             Began as an Ogre Berserker on Apr 22, 2022.
             Was a Priest of Trog.
             Slain by a raiju (8 damage)
             ... on level 3 of the Abyss.
             The game lasted 00:09:27 (7737 turns).

bobregger the Basher (Ogre Berserker)               Turns: 7737, Time: 00:09:28

Health: -5/84      AC:  7    Str: 29    XL:     9   Next: 11%
Magic:  0/9        EV: 10    Int:  8    God:    Trog [***...]
Gold:   416        SH:  0    Dex: 10    Spells: 8/8 levels left

rFire   . . .      SeeInvis .   g - +3 giant club
rCold   + . .      Faith    .   (shield currently unavailable)
rNeg    . . .      Spirit   +   a - +2 robe of Follow the Leader {rC+ Str+2 Dex+2}
rPois   .          Reflect  .   (helmet restricted)
rElec   .          Harm     .   l - +1 cloak
rCorr   .          Rampage  .   (gloves unavailable)
Will    +....                   (boots unavailable)
Stlth   +.........              o - amulet of guardian spirit
HPRegen 0.24/turn               r - ring of willpower
MPRegen 0.11/turn               (no ring)

@: on berserk cooldown
A: large, unfitting armour, tough skin 1
a: Renounce Religion, Berserk, Trog's Hand


You were on level 3 of the Abyss.
You worshipped Trog.
Trog was most pleased with you.
You visited 1 branch of the dungeon, and saw 7 of its levels.
You visited the Abyss 1 time.

You collected 416 gold pieces.

Inventory:

Hand Weapons
 g - a +3 giant club (weapon)
Missiles
 j - 3 throwing nets (quivered)
Armour
 a - the +2 robe of Follow the Leader (worn) {rC+ Str+2 Dex+2}
   (You acquired it on level 6 of the Dungeon)

   Str:       It affects your strength (+2).
   Dex:       It affects your dexterity (+2).
   rC:        It protects you from cold.
 l - a +1 cloak (worn)
Jewellery
 b - a ring of magical power
 o - an amulet of guardian spirit (around neck)
 r - a ring of willpower (left hand)
Wands
 e - a wand of iceblast (7)
 p - a wand of polymorph (5)
Scrolls
 c - a scroll of noise {unknown}
 d - 2 scrolls of teleportation
 f - a scroll of vulnerability
Potions
 h - 2 potions of lignification
 i - 2 potions of heal wounds
 m - 2 potions of brilliance
 n - 3 potions of curing


   Skills:
 - Level 4.0 Fighting
 + Level 10.9 Maces & Flails
 - Level 2.6 Dodging


You had 8 spell levels left.
You didn't know any spells.
Your spell library was empty.

Dungeon Overview and Level Annotations

Branches:
Dungeon (7/15)             Temple (0/1) D:7

Altars:
Qazlal

Shops:
D:5 ?

Annotations:
D:7 Harold


Innate Abilities, Weirdness & Mutations

You are too large for most types of armour.
You have tough skin. (AC +1)


Message History

You closely miss Harold.
Harold is almost dead.
Harold hits you with a +7 trident of distortion!
You are cast into the Abyss!
This branch contains the abyssal rune of Zot.
Found a gateway leading deeper into the Abyss.
You feel a strong urge to attack something.
You are no longer berserk.
You are exhausted.
You feel yourself slow down.
There is a gateway leading deeper into the Abyss here.
You start resting.
You hear a bark! x3
A large abomination comes into view.
A large abomination is nearby!
A large abomination is nearby!
A raiju comes into view.
You hear a roar!
An orange demon comes into view.
A raiju comes into view.
A large abomination, 2 raiju and a small abomination come into view.
There is an open door here.
The raiju bursts into living lightning!
The living lightning hits you!!
The raiju blinks!
The raiju bursts into living lightning!
The living lightning hits you!
* * * LOW HITPOINT WARNING * * *
The raiju blinks!
You closely miss the raiju. The raiju barely misses you. x2
The large abomination misses you.
You hear a bellow!
You barely miss the raiju.
You feel yourself speed up.
The sentinel's mark upon you fades away.
The small abomination hits you!
* * * LOW HITPOINT WARNING * * *
The raiju bites you but does no damage. The raiju bites you.
* * * LOW HITPOINT WARNING * * *
The raiju shocks you!
You die...

..# #.. ## .X .# ...
.### # #.###### #.
.# ##.....####>...#
. #....4...........#
...###X###..h.#...##
#h@h..#.. #.....#
#hx##.#..# ...#.#
.'.#∩....## .#.# ..
##..##....# ..# .
##.......# # .
###.#.#.# . ........
.....#.


You could see an orange demon, a large abomination, 3 raiju and a small
abomination.

Vanquished Creatures
  Sigmund (D:6)
  Menkaure (D:4)
  Edmund (D:4)
  2 ogres
  A necrophage (D:6)
  A centaur (D:7)
  Blork the orc (D:4)
  A bullfrog (D:6)
  A scorpion (D:5)
  A wyvern zombie (D:5)
  A wyvern skeleton (D:7)
  3 water moccasin skeletons
  2 jellies (D:6)
  An orc priest (D:5)
  A bullfrog skeleton (D:4)
  Crazy Yiuf (D:2)
  4 iguanas
  Jessica (D:3)
  2 orc wizards (D:5)
  2 scorpion zombies (D:5)
  A hound skeleton (D:4)
  3 howler monkey zombies
  6 gnolls
  A howler monkey skeleton (D:7)
  7 adders
  A shadow imp (D:7)
  2 ufetubi (D:5)
  2 worms
  2 dart slugs
  12 orcs
  5 ball pythons
  4 endoplasms
  2 giant cockroaches (D:3)
  3 goblins
  6 hobgoblins
  7 jackals
  6 quokkas
  6 bats
  5 frilled lizards
  4 kobolds
  3 rats
117 creatures vanquished.

Notes
Turn   | Place    | Note
-------+----------+-------------------------------------------
     0 | D:1      | bobregger the Ogre Berserker began the quest for the Orb.
     0 | D:1      | Reached XP level 1. HP: 24/24 MP: 1/1
   218 | D:1      | Reached skill level 3 in Maces & Flails
   278 | D:1      | Reached XP level 2. HP: 32/32 MP: 2/2
   763 | D:1      | Found a faded altar of an unknown god.
  1068 | D:2      | Reached XP level 3. HP: 36/39 MP: 3/3
  1161 | D:2      | Reached skill level 4 in Maces & Flails
  1625 | D:2      | Reached XP level 4. HP: 48/48 MP: 4/4
  1626 | D:2      | Reached ** piety under Trog
  1812 | D:2      | Found a runed translucent door.
  1813 | D:2      | Noticed Crazy Yiuf
  1819 | D:2      | Killed Crazy Yiuf
  1820 | D:2      | Reached skill level 5 in Maces & Flails
  1820 | D:2      | Reached XP level 5. HP: 54/54 MP: 5/5
  1905 | D:3      | Noticed Jessica
  1924 | D:3      | Killed Jessica
  2191 | D:3      | Found a stormy altar of Qazlal.
  3471 | D:4      | You fall into a shaft and drop 1 floor!
  3471 | D:5      | Entered Level 5 of the Dungeon
  3488 | D:5      | Reached skill level 6 in Maces & Flails
  3488 | D:5      | Reached XP level 6. HP: 29/62 MP: 6/6
  4105 | D:5      | Found Kaemanon's Magic Scroll Shop.
  4113 | D:5      | HP: 3/62 [wyvern zombie (5)]
  4523 | D:5      | Reached skill level 7 in Maces & Flails
  4523 | D:5      | Reached XP level 7. HP: 70/70 MP: 7/7
  5289 | D:4      | Reached *** piety under Trog
  5360 | D:4      | Noticed Edmund
  5368 | D:4      | Killed Edmund
  5369 | D:4      | Reached skill level 8 in Maces & Flails
  5928 | D:4      | Noticed Menkaure
  5931 | D:4      | Noticed Blork the orc
  5934 | D:4      | Killed Menkaure
  5935 | D:4      | Reached XP level 8. HP: 78/78 MP: 5/8
  5955 | D:4      | Killed Blork the orc
  5956 | D:4      | Reached skill level 9 in Maces & Flails
  6499 | D:6      | Noticed Sigmund
  6507 | D:6      | Killed Sigmund
  6738 | D:6      | Identified a scroll of acquirement
  6747 | D:6      | Acquired the +2 robe of Follow the Leader {rC+ Str+2 Dex+2}
  6826 | D:6      | Reached skill level 10 in Maces & Flails
  7234 | D:6      | Reached XP level 9. HP: 84/84 MP: 7/9
  7694 | D:7      | Found a staircase to the Ecumenical Temple.
  7700 | D:7      | Noticed Harold
  7711 | D:7      | Cast into level 3 of the Abyss (Harold)
  7727 | Abyss:3  | Noticed a large abomination
  7732 | Abyss:3  | Noticed an orange demon
  7737 | Abyss:3  | HP: 3/84 [raiju (2)]
  7737 | Abyss:3  | Slain by a raiju

Illustrated notes

Levels and vault maps discovered:
D:1:      erik_arrival_triangle_small, layout_basic,
          ebering_ecumenical_altar_box
D:2:      wander_river, layout_basic, uniq_crazy_yiuf_cottage
D:3:      layout_basic, mainiacjoe_overflow_24_doors, uniq_jessica
D:4:      layout_loops_corners, cheibrodos_sewer_entry_bend, minmay_circle_x,
          uniq_menkaure, uniq_blork_the_orc, uniq_edmund
D:5:      layout_basic, serial_shops, shop
D:6:      layout_rooms, hex_tiny, hangedman_decor_growths,
          minmay_misc_feat_rugged, chequers_avenue, uniq_sigmund
D:7:      layout_cave_pods, minmay_temple_entry_glassed_door, uniq_joseph,
          uniq_harold
Abyss:3:  base:
D:4

Skill      XL: |  1  2  3  4  5  6  7  8 |
---------------+-------------------------+-----
Maces & Flails | 3 4 5 6 7 8 10 | 10.9
Fighting       | |  4.0
Dodging        | |  2.6

Action                   |  1- 3 |  4- 6 |  7- 9 || total
-------------------------+-------+-------+-------++-------
Melee: Mace              |    95 |     8 |       ||   103
       Flail             |       |   153 |       ||   153
       Punch             |       |     2 |       ||     2
       Giant club        |       |       |   157 ||   157
       Unarmed           |       |       |    17 ||    17
Invok: Berserk           |     2 |     5 |     8 ||    15
  Use: Potion            |       |     2 |     5 ||     7
       Scroll            |       |       |    14 ||    14
Armor: Animal skin       |    37 |    77 |    44 ||   158
       Robe              |       |       |    19 ||    19
       Skin              |       |       |     4 ||     4
Dodge: Dodged            |    70 |   118 |   125 ||   313
